 Dungeon Crawl Stone Soup version 0.30-a0-359-gd0147acb1a (webtiles) character file.

Game seed: 4462691740386593013

239 Maxmaps the Changer (level 6, -4/38 HPs)
             Began as an Octopode Transmuter on Nov 11, 2022.
             Killed by divine providence
             ... invoked by an orc priest
              (13 damage)
             ... on level 4 of the Dungeon.
             The game lasted 00:04:25 (3036 turns).

Maxmaps the Changer (Octopode Transmuter)           Turns: 3036, Time: 00:04:26

Health: -4/38      AC:  2    Str: 10    XL:     6   Next: 7%
Magic:  7/10       EV: 19    Int: 17    God:
Gold:   174        SH:  0    Dex: 17    Spells: 3/11 levels left

rFire   . . .      SeeInvis .      - Unarmed
rCold   . . .      Faith    .    (shield currently unavailable)
rNeg    . . .      Spirit   .    (helmet currently unavailable)
rPois   x          Reflect  .    (no amulet)
rElec   .          Harm     .    (no ring)
rCorr   .          Rampage  .    (no ring)
Will    .....                    (no ring)
Stlth   ++........               (no ring)
HPRegen 0.26/turn                (no ring)
MPRegen 0.12/turn                (no ring)
                                 (no ring)
                                 (no ring)

@: spider-form
A: venomous fangs, almost no armour, (amphibious), 8 rings, tiny, (camouflage
1), (gelatinous body 1), (nimble swimmer 1), (tentacles)
a: End Transformation


You were on level 4 of the Dungeon.
You were a venomous arachnid creature.
You visited 1 branch of the dungeon, and saw 4 of its levels.

You collected 174 gold pieces.

Inventory:

Scrolls
 c - a scroll of vulnerability
 i - a scroll of amnesia
 j - 3 scrolls of enchant weapon
 o - 2 scrolls of teleportation {unknown}
Potions
 a - a potion of lignification
 e - a potion of brilliance
 f - a potion of magic
 h - a potion of berserk rage
 l - a potion of might
 m - 2 potions of heal wounds
 p - a potion of curing
 q - a potion of ambrosia


   Skills:
 - Level 1.0 Fighting
 - Level 2.0 Dodging
 - Level 3.0 Unarmed Combat
 - Level 3.0 Spellcasting
 + Level 4.8 Transmutations
 - Level 3.1 Poison Magic


You had 3 spell levels left.
You knew the following spells:

 Your Spells              Type           Power      Damage    Failure   Level
a - Beastly Appendage     Tmut           38%        N/A       9%          1
b - Spider Form           Tmut/Pois      16%        N/A       26%         3
c - Ice Form              Ice/Tmut       10%        N/A       75%         4

Your spell library contained the following spells:

 Spells                   Type           Power      Damage    Failure   Level
 Wereblood                Tmut           19%        N/A       12%         2
 Kiss of Death            Conj/Necr      8%         2d6       36%         1
 Blink                    Tloc           4%         N/A       47%         2
 Momentum Strike          Conj/Tloc      4%         3d8       47%         2
 Dazzling Flash           Conj/Hex       4%         N/A       67%         3
 Frozen Ramparts          Ice            4%         1d1       67%         3
 Lesser Beckoning         Tloc           4%         N/A       67%         3
 Summon Ice Beast         Ice/Summ       2%         N/A       95%         4


Dungeon Overview and Level Annotations

Branches:
Dungeon (4/15)
 Temple: D:4-7

Altars:
Xom


Innate Abilities, Weirdness & Mutations

You are a venomous arachnid creature.
You have poisonous fangs.
You are tiny and dextrous.
Your spellcasting is less reliable in this form.
Your armour is entirely melded.
You are incapable of wielding weapons or throwing items.
You cannot wear most types of armour.
((You are amphibious.))
You can wear up to eight rings at the same time.
((Your skin changes colour to match your surroundings (Stealth+).))
((Your rubbery body absorbs attacks. (AC +1, EV +1)))
((You are camouflaged when in or above water. (Stealth+)))
((You have tentacles for arms and can constrict up to eight enemies at once.))


Message History

Your hobgoblin's corpse dissolves into shadows!
Your kobold hits the gnoll with a +0 short sword.
The gnoll dies!
You have reached level 6!
You hit the gnoll.
The gnoll looks as sick as possible!
The gnoll is severely wounded.
You kill the gnoll!
Your kobold dissolves into shadows!
Your butterfly disappears in a burst of colours! x2
You see here a +0 club.
You start resting.
You feel your willpower return.
You start resting.
Your transformation is almost over.
Your transformation has ended.
You hear the slow hiss of an avalanche of sand nearby.
Things that are here:
a +0 flail; a gnoll corpse An orc priest and 2 orcs come into view.
An orc comes into view. It is wielding a +0 hand axe.
Casting: Spider Form (dangerous; 11% risk of failure)
Confirm with . or Enter, or press ? or * to list all spells.
You turn into a venomous arachnid creature.
The orc shouts!
The orc priest shouts!
Found a knobbly peridot ring.
The orc shouts!
The orc priest completely misses you. The orc completely misses you.
You barely miss the orc priest.
The orc priest calls down the wrath of Beogh upon you.
Beogh smites you! The orc misses you.
You hit the orc priest.
The orc priest is poisoned.
The orc priest is lightly wounded.
The orc priest hits you with a +0 falchion!
The orc hits you from afar with a +0 trident!
* * * LOW HITPOINT WARNING * * *
You completely miss the orc priest.
The orc priest is lightly wounded.
The orc priest calls down the wrath of Beogh upon you.
Beogh smites you!
You die...

**,******,,,,*
**8***,,,
*,,,,,,,,,,,,*
****,,,,
**********,,,*
****, *,,,* ***,,
*,,,* *,,,,
*,,=##*####**,,
*###....*...# **,
#####.ooo#*##...**
*, #...so#***
#...,,* *, #.#####
#..,*,**** #.#
#.#**,,* * #.# #.#
**,* #.### ##.#
*,** #...# #..#
*,,** ###.# ###..#
**,,* #.# #...##
**,* #.### #..##
*,*


You could see an orc priest (very poisoned) and 3 orcs.

Vanquished Creatures
  An orc priest (D:3)
  An orc wizard (D:3)
  5 adders
  2 gnolls (D:4)
  3 dart slugs
  14 orcs
  9 endoplasms
  2 giant cockroaches (D:1)
  9 goblins
  2 hobgoblins (D:1)
  4 jackals
  5 quokkas
  5 ball pythons
  5 bats
  5 frilled lizards
  9 kobolds
  8 rats
89 creatures vanquished.

Vanquished Creatures (collateral kills)
  A gnoll (D:4)
1 creature vanquished.

Grand Total: 90 creatures vanquished

Notes
Turn   | Place    | Note
-------+----------+-------------------------------------------
     0 | D:1      | Maxmaps the Octopode Transmuter began the quest for the
                  | Orb.
     0 | D:1      | Reached XP level 1. HP: 13/13 MP: 3/3
   102 | D:1      | Got Molauz's Compilation of Attacks and Ice
   177 | D:1      | Reached XP level 2. HP: 13/18 MP: 3/5
   461 | D:1      | Reached XP level 3. HP: 20/23 MP: 7/7
  1231 | D:2      | Reached skill level 3 in Transmutations
  1249 | D:2      | Learned a level 3 spell: Spider Form
  1334 | D:2      | Reached XP level 4. HP: 13/28 MP: 8/8
  1409 | D:2      | Learned a level 4 spell: Ice Form
  1471 | D:2      | Reached skill level 1 in Poison Magic
  1725 | D:2      | Found a shimmering altar of Xom.
  2165 | D:3      | Reached XP level 5. HP: 33/33 MP: 9/9
  2492 | D:3      | Reached skill level 4 in Transmutations
  2981 | D:4      | Reached XP level 6. HP: 23/38 MP: 7/10
  3036 | D:4      | Killed from afar by an orc priest

Illustrated notes

Levels and vault maps discovered:
D:1:      onia_arrival_handbag, layout_basic
D:2:      layout_basic, basic_altar, grunt_ministairs_12
D:3:      layout_rooms, serial_forest, infiniplex_forest_corner_2,
          infiniplex_forest_lined_room_, infiniplex_forest_straight_2,
          infiniplex_forest_corner_2, infiniplex_forest_clump_medium,
          infiniplex_forest_straight_3, infiniplex_forest_lined_3,
          infiniplex_forest_zigzag_2
D:4:      layout_rooms, nicolae_qazlal_eye_of_the_storm,
          chequers_ossuary_entry_cave

Skill      XL: |  1  2  3  4  5 |
---------------+----------------+-----
Spellcasting   | 3 |  3.0
Transmutations | 3 4 |  4.8
Poison Magic   | 3 |  3.1
Fighting       | |  1.0
Dodging        | |  2.0
Unarmed Combat | |  3.0

Action                   |  1- 3 |  4- 6 || total
-------------------------+-------+-------++-------
Melee: Unarmed           |    92 |   126 ||   218
       Tentacles         |    20 |    17 ||    37
       Constrict         |    21 |    18 ||    39
       Punch             |     4 |     1 ||     5
 Cast: Spider Form       |       |     5 ||     5
  Use: Potion            |       |     2 ||     2
       Scroll            |       |    13 ||    13
 Stab: Sleeping          |    21 |     6 ||    27
Armor: Skin              |     7 |    13 ||    20
Dodge: Dodged            |    50 |   128 ||   178

Table legend: (Time is in decaauts)
 A = Elapsed time spent in this place.
 B = Non-inter-level travel time spent in this place.
 C = Inter-level travel time spent in this place.
 D = Time resting spent in this place.
 E = Time spent auto-exploring this place.
 F = Levels seen in this place.
 G = Mean time per level.
                   A        B        C        D        E       F      G
               +--------+--------+--------+--------+--------+-----+--------+
         Total |   3022 |   2936 |     86 |    526 |   1758 |   4 |  755.5 |
       Dungeon |   3022 |   2936 |     86 |    526 |   1758 |   4 |  755.5 |
               +--------+--------+--------+--------+--------+-----+--------+

Top non-repeatable levels by time:
     D:1: 1133 daAuts
     D:2: 1002 daAuts
     D:3: 760 daAuts
     D:4: 125 daAuts
